AoeStats
← Mauser5339

Hideout

509158621Analyzed
1v1 RM · 6d ago on Sep 25, 2026· 39m 24s· 2 players
Game mode
Random Map
Map size
Tiny (2 player)
Population
200
Speed
Normal
Resources
Standard
Victory
Conquest
Starting age
Dark Age
Ending age
Imperial Age
RankedLock teamsTeams togetherTeam positionsShared explorationLock speedFull tech treeHidden civsTurbo modeCheats
Victory
Defeat
🇦🇷 Bohemians · Argentina
1128
+16
🇵🇱 Aztecs · Poland
1121
-16
jakchylinski
7:33 Loom
10:17 Feudal Age
17:09 Castle Age
15:38 Fletching
17:28 Horse Collar
17:34 Double-Bit Axe
31:58 Imperial Age
32:18 Heavy Plow
32:30 Onager
Mauser5339
9:39 Feudal Age
12:31 Town Watch
15:39 Castle Age
14:22 Loom
14:50 Double-Bit Axe
15:54 Loom
17:48 Fletching
28:20 Redemption
31:03 Wheelbarrow
35:36 Imperial Age
35:34 Bow Saw
35:08 Horse Collar
38:14 Hand Cart
38:00 Town Patrol
40:56 Chemistry
40:18 Ballistics
Connection lost

Rejoining the realm…

Still unreachable

The connection could not be restored.

Session expired

The server has moved on; the page needs a fresh start.